 Dungeon Crawl Stone Soup version 0.26-a0-84-g8c18429211 (webtiles) character file.

Game seed: 6732036951844109838

385 Gargoyl the Skirmisher (level 6, -13/52 HPs)
             Began as a Centaur Abyssal Knight on June 21, 2020.
             Was a Believer of Lugonu.
             Mangled by an orc warrior
             ... wielding a +2 battleaxe of electrocution
              (16 damage)
             ... on level 4 of the Dungeon.
             The game lasted 00:05:12 (3580 turns).

Gargoyl the Skirmisher (Centaur Abyssal Knight)     Turns: 3580, Time: 00:05:13

Health: -13/52     AC: 17    Str: 15    XL:     6   Next: 48%
Magic:  8/8        EV:  3    Int: 11    God:    Lugonu [**....]
Gold:   93         SH:  0    Dex: 10    Spells: 5/5 levels left

rFire    . . .     SeeInvis .   a - +3 hand axe
rCold    . . .     Gourm    .   (no shield)
rNeg     . . .     Faith    .   d - +0 chain mail
rPois    .         Spirit   .   (no helmet)
rElec    .         Reflect  .   t - +0 cloak
rCorr    .         Harm     .   (no gloves)
MR       .....     Rnd*Tele +   p - +0 centaur barding
Stlth    ..........             (no amulet)
HPRegen  0.17/turn              h - ring of teleportation (curse)
MPRegen  0.11/turn              k - +4 ring of protection

@: very quick
A: large, hooves 3, blurry vision 1, deformed body, speed 2, tough skin 3
a: Depart the Abyss, Bend Space, Renounce Religion


You were on level 4 of the Dungeon.
You worshipped Lugonu.
Lugonu was pleased with you.
You were not hungry.

You visited 1 branch of the dungeon, and saw 4 of its levels.
You visited the Abyss 1 time.
You also visited: Sewer.

You collected 93 gold pieces.

Inventory:

Hand Weapons
 a - a +3 hand axe (weapon)
Armour
 d - a +0 chain mail (worn)
 p - a +0 centaur barding (worn)
 t - a +0 cloak (worn)
Jewellery
 e - an uncursed ring of stealth
 h - a cursed ring of teleportation (left hand)
 k - a +4 ring of protection (right hand)
Wands
 l - a wand of digging (3)
Scrolls
 j - a scroll of identify
 r - 2 scrolls of teleportation
 s - a scroll of fear
Potions
 f - 2 potions of resistance {unknown}
 g - 3 potions of curing
 i - a potion of mutation {unknown}
 m - a potion of invisibility {unknown}
 n - a potion of haste {unknown}
 o - a potion of stabbing {unknown}
 q - a potion of might {unknown}
Comestibles
 b - 2 chunks of flesh
 c - 4 rations


   Skills:
 + Level 3.9 Fighting
 + Level 3.9 Axes
 * Level 2.5 Armour
 * Level 2.1 Dodging
 * Level 3.3 Invocations


You had 5 spell levels left.
You didn't know any spells.
Your spell library was empty.

Dungeon Overview and Level Annotations

Branches:
Dungeon (4/15)              Sewer (visited)
 Temple: D:4-7

Altars:
Yredelemnul


Innate Abilities, Weirdness & Mutations

You have hooves in place of feet.
Armour fits poorly on your strangely shaped body.
You cover ground very quickly.
You have extremely tough skin. (AC +3)
Scrolls take you a little longer to read.


Message History

You slash the orc!
You kill the orc!
Lugonu accepts your kill.
Things that are here:
a +0 flail; 3 boomerangs; an orc corpse You hit the orc warrior.
The orc warrior is lightly wounded.
The orc warrior hits you with a +2 battleaxe of electrocution!!
You are electrocuted!
You hit the orc warrior but do no damage.
The orc warrior is lightly wounded.
The orc warrior hits you with a +2 battleaxe of electrocution!
* * * LOW HITPOINT WARNING * * *
You completely miss the orc warrior.
You kick the orc warrior, but do no damage.
The orc warrior is lightly wounded.
The orc warrior hits you with a +2 battleaxe of electrocution.
* * * LOW HITPOINT WARNING * * *
You are electrocuted!
You die...

####
##########
...#
.....oo@.#
##.#
########.#
##.####.#
#.#
........#
#.#
##.######
#.# ##.# #.#
...# #######
###.# ####
#.....#
#...#
#.####.....#
##.#####


You could see an orc warrior and an orc.

Vanquished Creatures
  Purgy (Sewer)
  A centaur (D:3)
  A scorpion (D:4)
  A bullfrog skeleton (D:4)
  4 adders
  An ooze (D:1)
  An adder skeleton (D:4)
  A worm (D:2)
  5 dart slugs
  2 leopard geckos
  An orc (D:4)
  3 ball pythons (Sewer)
  4 bats
  9 giant cockroaches
  9 goblins
  7 hobgoblins
  11 kobolds
  2 quokkas (D:2)
  6 frilled lizards
  A leopard gecko skeleton (D:3)
  5 rats
76 creatures vanquished.

Notes
Turn   | Place    | Note
-------+----------+-------------------------------------------
     0 | Abyss:1  | Gargoyl the Centaur Abyssal Knight began the quest for the
                  | Orb.
     0 | Abyss:1  | Reached XP level 1. HP: 19/19 MP: 2/2
    33 | Abyss:1  | Found a corrupted altar of Lugonu.
    72 | Abyss:1  | Noticed a neqoxec
    97 | Abyss:2  | Noticed a neqoxec
   102 | Abyss:2  | Gained mutation: Scrolls take you a little longer to read.
                  | [a neqoxec]
   111 | D:1      | Escaped the Abyss
   235 | D:1      | Reached * piety under Lugonu
   235 | D:1      | Reached XP level 2. HP: 26/26 MP: 3/3
   561 | D:1      | Reached skill level 1 in Dodging
   738 | D:2      | Reached XP level 3. HP: 31/31 MP: 4/4
  1226 | D:2      | Reached ** piety under Lugonu
  1623 | D:2      | Found a basalt altar of Yredelemnul.
  1654 | D:2      | Found a faded altar of an unknown god.
  1766 | D:2      | Reached XP level 4. HP: 38/38 MP: 5/5
  1904 | D:3      | Noticed a centaur
  1912 | D:3      | HP: 1/38 [centaur (8)]
  1913 | D:3      | Killed a centaur
  1913 | D:3      | Reached XP level 5. HP: 1/45 MP: 5/7
  3083 | D:4      | Reached XP level 6. HP: 48/52 MP: 8/8
  3086 | D:4      | Found a glowing drain.
  3127 | Sewer    | Entered a sewer
  3205 | Sewer    | Noticed Purgy
  3221 | Sewer    | Killed Purgy
  3575 | D:4      | Noticed an orc warrior
  3580 | D:4      | Mangled by an orc warrior

Illustrated notes

Levels and vault maps discovered:
D:1:      ncdulo_wetmaze, layout_basic
D:2:      layout_basic, chequers_ecumenical_altar_grove, minmay_misc_feat_doors,
          yredelemnul_altar_generic
D:3:      layout_rooms, kennysheep_generic_room_15
D:4:      layout_loops_cross, gup_sewer_entry_glass

Skill      XL: |  1  2  3  4  5  6 |
---------------+-------------------+-----
Axes           | 2 3 |  3.9
Dodging        | 1 2 |  2.1
Armour         | 2 |  2.5
Invocations    | 3 |  3.3
Fighting       | |  3.9

Action                   |  1- 3 |  4- 6 || total
-------------------------+-------+-------++-------
Melee: Hand axe          |   102 |   116 ||   218
       Kick              |    20 |    17 ||    37
Invok: Depart the Abyss  |     1 |       ||     1
  Use: Scroll            |     4 |     7 ||    11
 Stab: Sleeping          |     2 |     3 ||     5
  Eat: Chunk             |     2 |     5 ||     7
Armor: Leather armour    |    43 |    77 ||   120
       Chain mail        |       |     2 ||     2
Dodge: Dodged            |    44 |    45 ||    89

Table legend:
 A = Non-vault XP
 B = Vault XP
 C = Vault XP percentage of total XP
 D = Non-vault monster count
 E = Vault monster count
 F = Vault count percentage of total count
                 A         B        C        D         E       F
            +---------+---------+-------+---------+---------+-------
      Total |     389 |     161 |  29.3 |      65 |      11 |  14.5
            +---------+---------+-------+---------+---------+-------
        D:1 |      40 |       0 |   0.0 |      19 |       0 |   0.0
        D:2 |      61 |       0 |   0.0 |      29 |       0 |   0.0
        D:3 |     154 |       0 |   0.0 |      10 |       0 |   0.0
        D:4 |     134 |      19 |  12.4 |       7 |       4 |  36.4
      Sewer |       0 |     142 | 100.0 |       0 |       7 | 100.0
            +---------+---------+-------+---------+---------+-------
